 Dungeon Crawl Stone Soup version 0.20.0-10-g0535bb4 (webtiles) character file.

690 IcyNumb the Poker (level 7, -2/50 HPs)
             Began as a Merfolk Fighter on June 5, 2017.
             Was an Initiate of Hepliaklqana.
             Slain by Menkaure (16 damage)
             ... on level 7 of the Dungeon.
             The game lasted 00:10:14 (5220 turns).

IcyNumb the Poker (Merfolk Fighter)                 Turns: 5220, Time: 00:10:15

Health: -2/50      AC:  7    Str: 21    XL:     7   Next: 63%
Magic:  7/7        EV: 10    Int:  8    God:    Hepliaklqana [......]
Gold:   232        SH: 10    Dex: 15    Spells: 6/6 levels left

rFire    + . .     SeeInvis .   a - +0 trident
rCold    + . .     Gourm    .   c - +0 shield
rNeg     . . .     Faith    .   b - +0 scale mail
rPois    .         Spirit   .   y - +0 helmet
rElec    .         Reflect  .   (no cloak)
rCorr    .         Harm     .   (no gloves)
MR       .....                  (no boots)
Stlth    ..........             (no amulet)
Regen    0.2/turn               v - ring of protection from cold
MPRegen  0.1/turn               s - ring of protection from fire

@: mighty
A: change form in water, swift swim, stealthy swim, reduced essence
a: Recall Ancestor, Ancestor Identity, Renounce Religion


You were on level 7 of the Dungeon.
You worshipped Hepliaklqana.
Hepliaklqana was noncommittal.
You were hungry.

You visited 2 branches of the dungeon, and saw 8 of its levels.

You collected 232 gold pieces.

Inventory:

Hand Weapons
 a - a +0 trident (weapon)
Armour
 b - a +0 scale mail (worn)
 c - a +0 shield (worn)
 y - a +0 helmet (worn)
Jewellery
 h - a +4 ring of intelligence
 r - an uncursed ring of ice
 s - a ring of protection from fire (right hand)
 v - a ring of protection from cold (left hand)
 z - an uncursed ring of protection from fire
Wands
 w - a wand of iceblast (9/15)
 B - a wand of paralysis (9/24)
Scrolls
 e - 2 scrolls of identify
 i - 3 scrolls of remove curse {unknown}
 m - 3 scrolls of blinking {unknown}
 n - a scroll of enchant weapon {unknown}
 A - a scroll of teleportation {unknown}
 C - a scroll of fog {unknown}
 D - a scroll of enchant armour {unknown}
 E - a scroll of amnesia {unknown}
Potions
 d - a potion of might
 j - a potion of heal wounds
 k - 2 potions of agility {unknown}
 o - a potion of flight {unknown}
 p - a potion of mutation {unknown}
 t - 3 potions of lignification {unknown}
 u - 4 potions of curing
 x - a potion of cancellation {unknown}
 F - a potion of magic {unknown}
Comestibles
 f - 10 bread rations
 g - 2 meat rations
 l - 6 fruits
 q - a royal jelly


   Skills:
 + Level 5.0 Fighting
 * Level 7.8 Polearms
 - Level 2.1 Armour
 + Level 4.6 Dodging
 + Level 4.6 Shields


You had 6 spell levels left.
You didn't know any spells.

Dungeon Overview and Level Annotations

Branches:
Dungeon (7/15)             Temple (1/1) D:5

Altars:
Ashenzari
Cheibriados
Fedhas
Gozag
Hepliaklqana
Makhleb
Qazlal
Ru
Sif Muna
Trog
Uskayaw
Vehumet
Xom
Zin

Annotations:
D:6 Sigmund
D:7 1 transporter, Menkaure


Message History

You block Menkaure's attack. x2
You see here a scroll labeled ANEGHE MOKHLIS.
You feel very mighty all of a sudden.
Menkaure calls on the powers of darkness!
Your body is wracked with pain!
Your shield and scale mail prevent you from hitting Menkaure.
Menkaure barely misses you.
You puncture Menkaure!
Menkaure is moderately damaged.
Menkaure shouts, "The sands of time shall wipe you from history!"
Menkaure closely misses you.
You puncture Menkaure!
Menkaure is severely damaged.
Menkaure calls on the powers of darkness!
The sky beast convulses!
Your body is wracked with pain!
* * * LOW HITPOINT WARNING * * *
The sky beast flickers out of sight!
Deactivating autopickup; reactivate with Ctrl-A.
Menkaure hits you!
You die...

#...#....S...
#...#M# #...#.# #
#...#.# #.##.##M#
#.......#
####{#########
##M## .....
##.#####.#@###.....
........###.....#
##.#####.#......#
#..<..#..#
#.###)#..#.[# #.#
#.).©#./+
#.###.#..#..#
##.>...##.#
#.....## .#


You could see Menkaure.

Vanquished Creatures
  A phantom (D:4)
  An ogre (D:5)
  2 crimson imps (D:5)
  An orc priest (D:7)
  A bullfrog skeleton (D:5)
  A centaur skeleton (D:5)
  Ijyb (D:2)
  2 orc wizards (D:7)
  A worker ant (D:2)
  2 hound skeletons (D:5)
  A worker ant zombie (D:5)
  Robin (D:3)
  6 adders
  2 shadow imps (D:5)
  3 oozes
  An adder skeleton (D:4)
  2 worms
  A dart slug (D:1)
  7 leopard geckos
  6 orcs
  3 ball pythons
  7 bats
  6 giant cockroaches
  15 goblins
  9 hobgoblins
  A quokka (D:6)
  4 frilled lizards
  A jackal skeleton (D:5)
  6 kobolds
  5 rats
100 creatures vanquished.

Vanquished Creatures (collateral kills)
  An orc wizard (D:6)
1 creature vanquished.

Vanquished Creatures (others)
  2 hounds (D:5)
  2 adders (D:5)
  An ancestor (D:5)
  An orc (D:5)
  A giant cockroach (D:5)
  A quokka (D:5)
  A frilled lizard (D:5)
9 creatures vanquished.

Grand Total: 110 creatures vanquished

Notes
Turn   | Place    | Note
-------+----------+-------------------------------------------
     0 | D:1      | IcyNumb the Merfolk Fighter began the quest for the Orb.
     0 | D:1      | Reached XP level 1. HP: 18/18 MP: 1/1
    61 | D:1      | Reached XP level 2. HP: 21/24 MP: 2/2
   216 | D:1      | Reached skill level 1 in Dodging
   317 | D:1      | Reached skill level 4 in Polearms
   317 | D:1      | Reached XP level 3. HP: 27/29 MP: 3/3
   936 | D:3      | Noticed Robin
  1000 | D:3      | Reached XP level 4. HP: 37/37 MP: 4/4
  1045 | D:3      | Found a sacrificial altar of Ru.
  1980 | D:3      | Noticed Ijyb
  2023 | D:3      | Reached skill level 5 in Polearms
  2043 | D:2      | Reached XP level 5. HP: 15/42 MP: 5/5
  2065 | D:2      | Killed Ijyb
  2422 | D:3      | Killed Robin
  2600 | D:4      | Noticed a phantom
  2640 | D:4      | Killed a phantom
  2640 | D:4      | Reached skill level 6 in Polearms
  2640 | D:4      | Reached XP level 6. HP: 31/48 MP: 6/6
  3421 | D:5      | Entered Level 5 of the Dungeon
  3546 | D:5      | Found a staircase to the Ecumenical Temple.
  3586 | D:5      | Found a shimmering altar of Xom.
  3769 | D:5      | Reached skill level 7 in Polearms
  3868 | Temple   | Entered the Ecumenical Temple
  3913 | Temple   | Became a worshipper of Hepliaklqana the Forgotten
  3960 | D:5      | Reached XP level 7. HP: 6/49 MP: 7/7
  4829 | D:6      | Noticed Sigmund
  4914 | D:7      | Reached skill level 5 in Fighting
  4922 | D:7      | Found a transporter.
  5204 | D:7      | Noticed Menkaure
  5220 | D:7      | Slain by Menkaure

Skill      XL: |  1  2  3  4  5  6  7 |
---------------+----------------------+-----
Dodging        | 1 2 3 4 |  4.6
Polearms       | 4 5 6 7 |  7.8
Fighting       | 4 5 |  5.0
Shields        | 4 |  4.6
Armour         | |  2.1

Action                   |  1- 3 |  4- 6 |  7- 9 || total
-------------------------+-------+-------+-------++-------
Melee: Trident           |   116 |   331 |    82 ||   529
Invok: Recall Ancestor   |       |     1 |       ||     1
       Ancestor Identity |       |     1 |       ||     1
  Use: Potion            |       |     1 |     2 ||     3
       Scroll            |       |       |     1 ||     1
  Eat: Chunk             |       |     9 |     4 ||    13
       Fruit             |       |     1 |       ||     1
Armor: Scale mail        |    44 |    93 |    23 ||   160
Dodge: Dodged            |    14 |   102 |    17 ||   133
Block: Shield            |    51 |   153 |    27 ||   231
